 Dungeon Crawl Stone Soup version 0.29-a0-330-g52719c12eb (webtiles) character file.

Game seed: 14273949627341760223

76636 night the Marksdraconian (level 15, -16/110 HPs)
             Began as a Red Draconian Ice Elementalist on May 5, 2022.
             Was a High Priest of Vehumet.
             Demolished by a dire elephant (30 damage)
             ... on level 6 of the Lair of Beasts.
             The game lasted 01:09:34 (27816 turns).

night the Marksdraconian (DrIE)                    Turns: 27816, Time: 01:09:35

Health: -16/110    AC: 18    Str: 20    XL:     15   Next: 13%
Magic:  16/20      EV: 15    Int: 21    God:    Vehumet [*****.]
Gold:   1260       SH:  5    Dex: 19    Spells: 9/21 levels left

rFire   + . .      SeeInvis .   b - +2 great sword (flame)
rCold   . . .      Faith    .   (shield currently unavailable)
rNeg    . . .      Spirit   .   (body armour unavailable)
rPois   .          Reflect  +   (helmet restricted)
rElec   .          Harm     .   u - +1 cloak
rCorr   .          Rampage  .   P - +2 pair of gloves {Str+3}
Will    +....                   (no boots)
Stlth   +++.......              J - amulet of reflection
HPRegen 0.28/turn               E - +4 ring of protection
MPRegen 0.17/turn               Y - ring of Uchuadghi {Str+6 Dex+6 Stlth+}

@: short of breath, studying Earth Magic
A: breathe fire, AC +9, unfitting armour, fire resistance 1, cold-blooded,
robust 1
a: Breathe Fire, Renounce Religion


You were on level 6 of the Lair of Beasts.
You worshipped Vehumet.
Vehumet was extremely pleased with you.
You visited 2 branches of the dungeon, and saw 16 of its levels.
You also visited: Sewer, Ossuary and Ice Cave.

You collected 1260 gold pieces.

Inventory:

Hand Weapons
 a - the +7 longbow of Law {vorpal, Str+3}
   (You found it on level 8 of the Dungeon)

   Any ammunition fired from it inflicts extra damage upon your enemies.
   Str:       It affects your strength (+3).
 b - a +2 great sword of flaming (weapon)
 d - a +0 falchion
 C - the +10 rapier "Voumuizunt" {freeze, Str+2 Int+6}
   (You found it on level 8 of the Dungeon)

   It freezes those it strikes, dealing additional cold damage.
   It can also slow down cold-blooded creatures.
   Str:       It affects your strength (+2).
   Int:       It affects your intelligence (+6).
 D - a +2 great sword
 H - a +2 falchion of holy wrath
 L - a +2 demon whip of electrocution
Missiles
 f - 113 stones
 B - 5 poisoned darts
 F - 4 atropa-tipped darts
 W - 2 boomerangs
Armour
 u - a +1 cloak (worn)
 P - a +2 pair of gloves of strength (worn)
Jewellery
 h - a ring of flight
 i - a +4 ring of evasion
 s - a ring of ice
 E - a +4 ring of protection (left hand)
 J - an amulet of reflection (around neck)
 V - a ring of resist corrosion
 Y - the ring of Uchuadghi (right hand) {Str+6 Dex+6 Stlth+}
   (You acquired it on level 3 of the Lair of Beasts)

   [ring of strength]

   Str:       It affects your strength (+6).
   Dex:       It affects your dexterity (+6).
   Stlth:     It makes you more stealthy.
Wands
 r - a wand of polymorph (28)
 w - a wand of flame (72)
 x - a wand of charming (5)
 z - a wand of iceblast (13)
 I - a wand of digging (4)
 K - a wand of paralysis (6)
 X - a wand of mindburst (5)
Scrolls
 e - 6 scrolls of immolation
 g - 11 scrolls of teleportation
 j - 2 scrolls of fear
 n - a scroll of fog
 t - 6 scrolls of identify
 v - 4 scrolls of magic mapping
 A - a scroll of blinking
 G - 4 scrolls of enchant armour
Potions
 c - 2 potions of heal wounds
 k - 4 potions of attraction
 l - 2 potions of lignification
 o - 2 potions of berserk rage
 p - a potion of haste
 q - 6 potions of mutation
 y - 3 potions of magic
 M - 3 potions of flight
 N - 2 potions of resistance {unknown}
 O - a potion of brilliance {unknown}
 Q - 7 potions of curing
 R - 5 potions of ambrosia
 U - 2 potions of invisibility
 Z - a potion of cancellation {unknown}
Miscellaneous
 m - a phial of floods
 S - a condenser vane


   Skills:
 - Level 0.7 Fighting
 + Level 13.5 Long Blades
 + Level 17.1 Bows
 - Level 5.0 Dodging
 - Level 1.7 Stealth
 + Level 3.6 Spellcasting
 - Level 11.7 Ice Magic


You had 9 spell levels left.
You knew the following spells:

 Your Spells              Type           Power      Damage    Failure   Level
a - Freeze                Ice            100%       1d11      1%          1
b - Frozen Ramparts       Ice            100%       1d12      1%          3
c - Ozocubu's Armour      Ice            52%        N/A       1%          3
d - Freezing Cloud        Conj/Ice/Air   10%        6-21      17%         5

Your spell library contained the following spells:

 Spells                   Type           Power      Damage    Failure   Level
 Magic Dart               Conj           12%        1d3       3%          1
 Hailstorm                Conj/Ice       28%        3d8       3%          4
 Poisonous Vapours        Pois/Air       6%         N/A       5%          2
 Inner Flame              Hex/Fire       3%         N/A       11%         3
 Mephitic Cloud           Conj/Pois/Air  3%         N/A       11%         3
 Sting                    Tmut/Pois      12%        1d3       12%         1
 Call Imp                 Summ           3%         N/A       19%         2
 Corpse Rot               Necr/Air       6%         N/A       19%         2
 Sublimation of Blood     Necr           3%         N/A       19%         2
 Airstrike                Air            1%         N/A       30%         4
 Olgreb's Toxic Radiance  Pois           3%         N/A       30%         4
 Summon Guardian Golem    Hex/Summ       3%         N/A       36%         3
 Irradiate                Conj/Tmut      1%         3d13      61%         5
 Lightning Bolt           Conj/Air       1%         1d12      61%         5
 Cause Fear               Hex            1%         N/A       77%         4
 Petrify                  Tmut/Erth      3%         N/A       77%         4
 Summon Lightning Spire   Summ/Air       3%         N/A       77%         4
 Orb of Destruction       Conj           1%         9d5       100%        7
 Spellforged Servitor     Conj/Summ      1%         N/A       100%        7
 Discord                  Hex            1%         N/A       100%        8
 Chain Lightning          Conj/Air       1%         3d2       100%        9
 Fire Storm               Conj/Fire      1%         8d1       100%        9
 Shatter                  Erth           1%         3d6*      100%        9


Dungeon Overview and Level Annotations

Branches:
Dungeon (10/15)            Temple (0/1) D:6            Lair (6/6) D:8
 Shoals (0/4) Lair:2       Spider (0/4) Lair:2        Slime (0/5) Lair:5
    Orc (0/2) D:10          Sewer (visited)         Ossuary (visited)
  IceCv (visited)

Altars:
Dithmenos
Elyvilon
Hepliaklqana
Ru
Uskayaw
Vehumet
Wu Jian
Xom
The Shining One
Jiyva

Annotations:
Lair:3 1 runed translucent door, initializr's ghost, journeyman SpEE


Innate Abilities, Weirdness & Mutations

You can breathe blasts of fire.
Your fiery red scales are hard. (AC +9)
You cannot fit into any form of body armour.
Your flesh is heat resistant. (rF+)
You are cold-blooded and may be slowed by cold attacks.
You are robust. (+10% HP)


Message History

You hold your ground!
The dire elephant trunk-slaps you but does no damage.
You hit the dire elephant but do no damage.
The dire elephant is lightly wounded.
The wall freezes the dire elephant.
The dire elephant completely misses you.
The dire elephant barely misses you.
You hit the dire elephant but do no damage.
You tail-slap the dire elephant.
The dire elephant is moderately wounded.
The wall freezes the dire elephant!
The dire elephant tramples you.
You stumble backwards!
Your icy armour cracks and falls away as you move.
The frozen ramparts melt away as you move.
You hit the dire elephant. You burn the dire elephant.
The dire elephant is moderately wounded.
You block the dire elephant's attack. The dire elephant barely misses you.
You slash the dire elephant! You burn the dire elephant.
You tail-slap the dire elephant, but do no damage.
The dire elephant is heavily wounded.
The dire elephant tramples you!!
You stumble backwards!
Aiming: Breathe Fire (1% risk of failure)
Press: ? - help, Shift-Dir - straight line, f/p - dire elephant
Aim: a dire elephant (heavily wounded, 100% to hit)
You breathe a blast of fire.
The fiery breath hits the dire elephant!
The dire elephant is heavily wounded.
The dire elephant is engulfed in blazing flames.
The dire elephant tramples you but does no damage.
The dire elephant closely misses you.
You barely miss the dire elephant.
The dire elephant is severely wounded.
The dire elephant tramples you!!
* * * LOW HITPOINT WARNING * * *
You stumble backwards!
You barely miss the dire elephant.
You tail-slap the dire elephant, but do no damage.
The dire elephant is severely wounded.
The dire elephant tramples you!!
You die...

#.##........... ...
.$#.......... ....
#.#........#......
#.#........#......
#.#.......##.#.P..
#.#.......###..#.. # +
##§#...............
8..8##8Y#...............
..Yp#8P@'...............
...Y#.⌠.'...............
P($Y#8..'...............
8)/8##8.#.............##
#### ##.#.......#....###
#.#.......##.... #
#.#.............##
#.##......##....##
#..............#


You could see 4 dire elephants and a necromancer.

Vanquished Creatures
  A frost giant (IceCv)
  A dire elephant (Lair:6)
  Snorg (Lair:3)
  The ghost of Iniclolu the Archer, a journeyman DsWn of Lugonu (Lair:1)
  8 hydras
  5 boulder beetles
  A catoblepas (Lair:3)
  An alligator (D:10)
  3 two-headed ogres
  17 death yaks
  Urug (Lair:1)
  Sonja (Lair:1)
  2 ugly things
  2 lindwurms (Lair:5)
  9 elephants
  A merfolk siren (Lair:2)
  3 black mambas
  A molten gargoyle (Lair:1)
  An ice statue (IceCv)
  22 cane toads
  A gargoyle (D:10)
  12 rime drakes
  2 torpor snails
  2 ice devils (Lair:1)
  15 komodo dragons
  6 polar bears
  A queen bee (D:9)
  3 trolls (D:10)
  A hornet (Lair:4)
  Grinder (D:4)
  12 blink frogs
  2 dream sheep (D:10)
  A culicivora (Lair:2)
  2 wyverns
  77 yaks
  2 shadows (D:10)
  6 fire bats (Lair:1)
  8 basilisks
  3 redbacks (Lair:2)
  2 fire elementals (Lair:1)
  A steam dragon (D:7)
  21 water moccasins
  Pargi (Sewer)
  2 orc warriors
  3 black bears
  2 ice beasts
  2 sky beasts
  6 centaurs
  2 ogres
  25 wolves
  2 phantoms
  7 kobold brigands
  12 bullfrogs
  2 elf zombies
  A gnoll sergeant (D:5)
  3 scorpions
  2 elf skeletons (D:8)
  8 wights
  30 killer bees
  An electric eel (Lair:5)
  2 howler monkeys
  A human zombie (D:8)
  4 hounds
  14 orc priests
  A gnoll shaman (D:8)
  2 jellies
  Ijyb (D:5)
  2 human skeletons (D:8)
  4 iguanas
  12 orc wizards
  9 hell rats
  8 ogre zombies (D:10)
  4 mummies (Ossuary)
  7 adders
  15 gnolls
  7 river rats
  3 shadow imps
  2 white imps
  An ufetubus (D:4)
  2 adder zombies (Ossuary)
  3 worms
  A dart slug (D:1)
  45 orcs
  6 ball pythons
  6 bats
  9 endoplasms
  9 giant cockroaches
  A gnoll zombie (Ossuary)
  9 goblins
  15 hobgoblins
  10 jackals
  5 quokkas
  4 frilled lizards
  A goblin skeleton (D:10)
  3 goblin zombies
  3 hobgoblin skeletons (D:10)
  6 hobgoblin zombies
  A jackal zombie (Ossuary)
  23 kobolds
  3 kobold zombies (Ossuary)
  An orc skeleton (D:10)
  15 orc zombies
  8 rats
662 creatures vanquished.

Vanquished Creatures (others)
  A bush (Lair:4)
  61 fungi
  43 plants
  17 withered plants (Lair:6)
122 creatures vanquished.

Grand Total: 784 creatures vanquished

Notes
Turn   | Place    | Note
-------+----------+-------------------------------------------
     0 | D:1      | night the Draconian Ice Elementalist began the quest for
                  | the Orb.
     0 | D:1      | Reached XP level 1. HP: 14/14 MP: 3/3
   206 | D:1      | Reached XP level 2. HP: 16/22 MP: 3/5
   439 | D:1      | Reached skill level 2 in Dodging
   568 | D:1      | Reached skill level 1 in Bows
   927 | D:1      | Reached XP level 3. HP: 23/27 MP: 3/6
  1447 | D:2      | Learned a level 3 spell: Frozen Ramparts
  1723 | D:2      | Reached XP level 4. HP: 34/34 MP: 2/7
  2384 | D:3      | Reached skill level 1 in Long Blades
  2384 | D:3      | Reached skill level 2 in Bows
  2512 | D:3      | Found a faded altar of an unknown god.
  2516 | D:3      | Prayed at the altar of an unknown god.
  2516 | D:3      | Became a worshipper of Elyvilon the Healer
  2516 | D:3      | Reached * piety under Elyvilon
  2517 | D:3      | Fell from the grace of Elyvilon
  2693 | D:3      | Reached XP level 5. HP: 37/39 MP: 4/8
  3085 | D:3      | Found a radiant altar of Vehumet.
  3117 | D:3      | Became a worshipper of Vehumet
  3371 | D:3      | Learned a level 3 spell: Ozocubu's Armour
  3567 | D:4      | Found a glowing drain.
  3644 | Sewer    | Entered a sewer
  3864 | Sewer    | Reached skill level 3 in Bows
  4125 | Sewer    | Noticed Pargi
  4145 | Sewer    | Killed Pargi
  4146 | Sewer    | Reached skill level 2 in Long Blades
  4146 | Sewer    | Reached XP level 6. HP: 36/46 MP: 1/10
  4439 | D:4      | Noticed an orc warrior
  4452 | D:4      | Killed an orc warrior
  4453 | D:4      | Reached skill level 5 in Ice Magic
  4575 | D:4      | Reached skill level 4 in Bows
  4766 | D:4      | Reached * piety under Vehumet
  4766 | D:4      | Offered knowledge of Shock by Vehumet.
  4767 | D:4      | Your scales start taking on a fiery red colour.
  4767 | D:4      | Reached XP level 7. HP: 51/51 MP: 7/11
  4767 | D:4      | Gained mutation: Your flesh is heat resistant. (rF+) [Red
                  | Draconian growth]
  4875 | D:4      | HP: 6/51 [black bear (7)]
  5343 | D:4      | Noticed Grinder
  5366 | D:4      | Paralysed by Grinder for 7 turns
  5379 | D:4      | Killed Grinder
  5380 | D:4      | Reached skill level 5 in Bows
  5648 | D:5      | Entered Level 5 of the Dungeon
  5748 | D:5      | Found a sacrificial altar of Ru.
  5774 | D:5      | Reached ** piety under Vehumet
  5775 | D:5      | Offered knowledge of Scorch by Vehumet.
  5990 | D:5      | Reached XP level 8. HP: 58/58 MP: 6/12
  6003 | D:5      | Reached skill level 5 in Ice Magic
  6184 | D:5      | Reached skill level 6 in Bows
  6434 | D:5      | Found a shimmering altar of Xom.
  6434 | D:5      | Found a shimmering altar of Xom.
  6434 | D:5      | Found a shimmering altar of Xom.
  6438 | D:5      | Noticed Ijyb
  6522 | D:5      | Found a shimmering altar of Xom.
  6693 | D:5      | Found a shadowy altar of Dithmenos.
  6693 | D:5      | Found an ornate altar of the Wu Jian Council.
  6701 | D:5      | Found a hazy altar of Hepliaklqana.
  6706 | D:5      | Found a faded altar of an unknown god.
  6708 | D:5      | Found a hide-covered altar of Uskayaw.
  6800 | D:5      | Killed Ijyb
  7007 | D:6      | Found a staircase to the Ecumenical Temple.
  7245 | D:6      | Reached skill level 5 in Long Blades
  7336 | D:6      | Offered knowledge of Dazzling Flash by Vehumet.
  7337 | D:6      | Reached skill level 7 in Bows
  7646 | D:6      | Reached XP level 9. HP: 17/63 MP: 13/13
  8105 | D:7      | Reached skill level 8 in Bows
  8438 | D:7      | Identified the +0 chain mail of the Lobster {rF+ Str-4
                  | Dex+3 Stlth+}
  8718 | D:7      | Reached *** piety under Vehumet
  8923 | D:6      | Reached skill level 9 in Bows
  9126 | D:7      | Found a glowing golden altar of the Shining One.
  9326 | D:7      | Reached XP level 10. HP: 51/70 MP: 14/14
  9657 | D:8      | Offered knowledge of Mephitic Cloud by Vehumet.
 10193 | D:8      | Found a sand-covered staircase.
 10203 | Ossuary  | Entered an ossuary
 10226 | Ossuary  | Reached **** piety under Vehumet
 10240 | Ossuary  | Offered knowledge of Lightning Bolt by Vehumet.
 11337 | D:8      | Reached skill level 10 in Bows
 11464 | D:8      | Noticed a boulder beetle
 11472 | D:8      | Killed a boulder beetle
 11473 | D:8      | Noticed a boulder beetle
 11777 | D:8      | Found a staircase to the Lair.
 11940 | D:8      | Killed a boulder beetle
 12002 | D:8      | Noticed a white ugly thing
 12010 | D:8      | Killed a white ugly thing
 12105 | D:8      | Identified the +10 rapier "Voumuizunt" {freeze, Str+2
                  | Int+6}
 12107 | D:8      | Identified the +7 longbow of Law {vorpal, Str+3}
 12218 | D:9      | Reached XP level 11. HP: 75/75 MP: 15/15
 12221 | D:9      | Noticed a two-headed ogre
 12229 | D:9      | Killed a two-headed ogre
 12230 | D:9      | Reached skill level 11 in Bows
 12852 | D:9      | Noticed a two-headed ogre
 12862 | D:9      | Killed a two-headed ogre
 13059 | D:9      | Reached ***** piety under Vehumet
 13101 | D:9      | Offered knowledge of Iron Shot by Vehumet.
 13964 | D:10     | Entered Level 10 of the Dungeon
 14100 | D:10     | Reached skill level 12 in Bows
 14283 | D:10     | Offered knowledge of Yara's Violent Unravelling by Vehumet.
 14358 | D:10     | Found a staircase to the Orcish Mines.
 14797 | D:10     | Noticed a two-headed ogre
 14798 | D:10     | Noticed an alligator
 14798 | D:10     | a two-headed ogre changed into an alligator
 14813 | D:10     | Killed an alligator
 14814 | D:10     | Reached XP level 12. HP: 70/82 MP: 13/16
 15177 | D:10     | Noticed a two-headed ogre
 15187 | D:10     | Killed a two-headed ogre
 15427 | D:10     | Noticed a three-headed hydra
 15436 | D:10     | Killed a three-headed hydra
 15437 | D:10     | Reached skill level 10 in Long Blades
 15437 | D:10     | Reached skill level 13 in Bows
 15648 | Lair:1   | Entered Level 1 of the Lair of Beasts
 15916 | Lair:1   | Found a runed translucent gate.
 15921 | Lair:1   | Noticed Urug
 15932 | Lair:1   | Killed Urug
 15952 | Lair:1   | Found a frozen archway.
 15961 | Lair:1   | HP: 1/82 [ice devil (23)]
 15965 | IceCv    | Entered an ice cave
 15966 | IceCv    | Gained mutation: You are robust. (+10% HP) [potion of
                  | mutation]
 15969 | IceCv    | HP: 11/90 [wolf (3)]
 15981 | IceCv    | HP: 13/90 [polar bear (3)]
 15982 | IceCv    | HP: 4/90 [polar bear (6)]
 15987 | IceCv    | HP: 12/90 [yak (5)]
 16528 | IceCv    | Noticed a death yak
 16537 | IceCv    | Killed a death yak
 17206 | IceCv    | Noticed a death yak
 17216 | IceCv    | Killed a death yak
 17337 | IceCv    | Noticed a death yak
 17341 | IceCv    | Reached skill level 14 in Bows
 17350 | IceCv    | Killed a death yak
 17446 | IceCv    | Noticed a death yak
 17446 | IceCv    | Noticed a frost giant
 17457 | IceCv    | Killed a frost giant
 17463 | IceCv    | Noticed a death yak
 17468 | IceCv    | Killed a death yak
 17468 | IceCv    | Offered knowledge of Conjure Ball Lightning by Vehumet.
 17469 | IceCv    | Reached skill level 10 in Ice Magic
 17592 | IceCv    | Reached XP level 13. HP: 65/96 MP: 17/17
 18569 | Lair:1   | Noticed Sonja
 18576 | Lair:1   | HP: 3/96 [poisoned by Sonja]
 18576 | Lair:1   | Killed Sonja
 18585 | Lair:1   | HP: 14/96 [poisoned by Sonja]
 19012 | Lair:1   | Found a runed translucent gate.
 19012 | Lair:1   | Found a runed translucent gate.
 19012 | Lair:1   | Noticed Iniclolu's ghost (journeyman DsWn)
 19013 | Lair:1   | Noticed a minotaur
 19674 | Lair:1   | Killed Iniclolu's ghost
 19682 | Lair:1   | HP: 14/96 [minotaur (9)]
 19683 | Lair:1   | HP: 4/96 [minotaur (11)]
 20117 | Lair:2   | Reached skill level 15 in Bows
 20411 | Lair:2   | Found a hole to the Spider Nest.
 21155 | Lair:2   | Reached skill level 12 in Long Blades
 21269 | Lair:2   | Found a staircase to the Shoals.
 21663 | Lair:3   | Noticed Snorg
 21682 | Lair:3   | HP: 14/96 [Snorg (9)]
 21684 | Lair:3   | HP: 2/96 [Snorg (11)]
 22032 | Lair:3   | Killed Snorg
 22236 | Lair:3   | Identified a scroll of acquirement
 22236 | Lair:3   | Acquired the ring of Uchuadghi {Str+6 Dex+6 Stlth+}
 22259 | Lair:3   | Found a runed translucent door.
 22260 | Lair:3   | Found a shimmering altar of Xom.
 22260 | Lair:3   | Noticed initializr's ghost (journeyman SpEE)
 22287 | Lair:3   | Identified the +1 trident "Vafiunt" {flame, *Noise rN++
                  | Str+3}
 22910 | Lair:3   | Reached XP level 14. HP: 94/103 MP: 18/18
 22912 | Lair:3   | Offered knowledge of Freezing Cloud by Vehumet.
 22920 | Lair:3   | Learned a level 5 spell: Freezing Cloud
 23601 | Lair:4   | Reached skill level 16 in Bows
 23872 | Lair:4   | HP: 14/103 [cane toad (4)]
 23880 | Lair:4   | HP: 8/103 [death yak (8)]
 23900 | Lair:4   | HP: 6/103 [death yak (7)]
 25153 | Lair:5   | Offered knowledge of Orb of Destruction by Vehumet.
 25382 | Lair:5   | Found an ornate altar of the Wu Jian Council.
 25410 | Lair:5   | Found a hide-covered altar of Uskayaw.
 25534 | Lair:5   | Found a staircase to the Slime Pits.
 25535 | Lair:5   | Found a viscous altar of Jiyva.
 26662 | Lair:6   | Entered Level 6 of the Lair of Beasts
 26751 | Lair:6   | Reached skill level 5 in Dodging
 26885 | Lair:6   | Reached skill level 17 in Bows
 27227 | Lair:6   | Reached XP level 15. HP: 110/110 MP: 19/19
 27815 | Lair:6   | HP: 14/110 [dire elephant (28)]
 27816 | Lair:6   | Demolished by a dire elephant

Illustrated notes

Levels and vault maps discovered:
D:1:      minmay_arrival_radiant_lines, layout_loops_ring
D:2:      layout_rooms, serial_rivers, chequers_serial_rivers_small_3,
          chequers_serial_rivers_micro_b, chequers_serial_rivers_micro_d,
          chequers_serial_rivers_small_b, chequers_serial_rivers_room_b
D:3:      layout_basic, lemuel_tele_altar,
          hellmonk_ecumenical_altar_inner_sanctum
D:4:      corexii_shack_village, layout_gridville, gup_sewer_entry_bubbles,
          minmay_misc_feat_nine_boxes, uniq_grinder
D:5:      layout_basic, xom_redecorated, chequers_temple_overflow_minitemple,
          mainiacjoe_overflow_small_starburst, minmay_puff, uniq_ijyb
D:6:      layout_basic, minmay_temple_entry_arrows
D:7:      layout_loops_ring, tso_altar
D:8:      minmay_the_grid_square_5x5_3x3 [minmay_the_grid_square_5x5_lines,
          minmay_the_grid_square_5x5_three_walls,
          minmay_the_grid_square_5x5_three_small,
          minmay_the_grid_square_5x5_hollow_slash,
          minmay_the_grid_square_5x5_megaprize_crossed,
          minmay_the_grid_square_5x5_hourglass,
          minmay_the_grid_square_5x5_intrusive_squares,
          minmay_the_grid_square_5x5_spiral,
          minmay_the_grid_square_5x5_broken_cross], layout_loops_cross,
          david_lair_shrubbed, nicolae_ossuary_entry_catacombs
D:9:      layout_roguey [special_room_bee], enter_bailey_5, grunt_ogre_cave,
          eino_tiny_chamber
D:10:     layout_cave_pools, zombieorc2_lemuel, hangedman_ranch
Lair:1:   layout_gridlike, maelrawn_ghost_gauntlet_escape,
          portal_ice_cave_demonic_guard, grunt_forest_small_clearing_treed,
          uniq_urug, uniq_sonja
Lair:2:   layout_loops_ring, minmay_shoals_entry_lonely_mermaid,
          spider_nest_entry_funnel_web, gauntlet_entry_generic,
          grunt_megastairs_3
Lair:3:   layout_gridlike, ebering_ghost_xom, uniq_snorg
Lair:4:   layout_big_grid, beast_lair_carwin_3, grunt_megastairs_2
Lair:5:   layout_concentric_octagons, slime_altar_1,
          nzn_masters_of_martial_movement, infiniplex_staircase_pool_2,
          serial_bayou_shore_b, serial_bayou_shore_b
Lair:6:   due_jungle_book, layout_regular_city, nicolae_quartered_pool_impasse,
          kennysheep_abandoned_house

Skill      XL: |  1  2  3  4  5  6  7  8  9 10 11 12 13 14 15 |
---------------+----------------------------------------------+-----
Dodging        | 2 5 |  5.0
Bows           | 1 2 3 4 5 7 9 10 12 14 15 17 | 17.1
Long Blades    | 1 2 4 5 6 8 9 11 12 13 | 13.5
Ice Magic      | 4 5 6 7 8 10 11 | 11.7
Spellcasting   | 3 |  3.6
Fighting       | |  0.7
Stealth        | |  1.7

Action                   |  1- 3 |  4- 6 |  7- 9 | 10-12 | 13-15 || total
-------------------------+-------+-------+-------+-------+-------++-------
Melee: Falchion          |    40 |   134 |    37 |       |       ||   211
       Tailslap          |     4 |    15 |    19 |    65 |    54 ||   157
       Punch             |       |     1 |       |       |       ||     1
       Great sword       |       |       |    95 |   414 |   238 ||   747
 Fire: Shortbow          |       |       |    65 |    50 |       ||   115
       Longbow           |       |       |       |   118 |   490 ||   608
 Cast: Freeze            |    49 |    28 |    13 |    12 |     9 ||   111
       Frozen Ramparts   |       |    19 |    34 |    61 |    61 ||   175
       Ozocubu's Armour  |       |     2 |     8 |    37 |    50 ||    97
       Freezing Cloud    |       |       |       |       |     4 ||     4
Invok: Renounce Religion |       |     1 |       |       |       ||     1
 Abil: Breathe Fire      |       |       |    14 |    15 |    18 ||    47
Evoke: Wand              |       |       |     1 |     6 |     8 ||    15
       Condenser vane    |       |       |       |       |     2 ||     2
  Use: Potion            |       |     3 |       |     8 |     8 ||    19
       Scroll            |       |     6 |     1 |    10 |     9 ||    26
 Stab: Sleeping          |     5 |       |     3 |     3 |     1 ||    12
Armor: Skin              |    20 |    80 |    86 |   381 |   281 ||   848
Dodge: Dodged            |    50 |   162 |   123 |   448 |   306 ||  1089
Block: Other             |       |       |       |   135 |   114 ||   249
       Reflection        |       |       |       |     4 |       ||     4

Table legend: (Time is in decaauts)
 A = Elapsed time spent in this place.
 B = Non-inter-level travel time spent in this place.
 C = Inter-level travel time spent in this place.
 D = Time resting spent in this place.
 E = Time spent auto-exploring this place.
 F = Levels seen in this place.
 G = Mean time per level.
                   A        B        C        D        E       F      G
               +--------+--------+--------+--------+--------+-----+--------+
         Total |  28124 |  27392 |    732 |   5609 |  16964 |  19 | 1480.2 |
       Dungeon |  14939 |  14481 |    458 |   1862 |   9959 |  10 | 1493.9 |
          Lair |   9956 |   9683 |    273 |   2307 |   5825 |   6 | 1659.3 |
         Sewer |    665 |    665 |      0 |    177 |    380 |   1 |  665.0 |
       Ossuary |    314 |    314 |      0 |      0 |    194 |   1 |  314.0 |
      Ice Cave |   2248 |   2248 |      0 |   1263 |    605 |   1 | 2248.0 |
               +--------+--------+--------+--------+--------+-----+--------+

Top non-repeatable levels by time:
  Lair:1: 2610 daAuts
     D:8: 2552 daAuts
   IceCv: 2248 daAuts
  Lair:4: 1931 daAuts
     D:4: 1696 daAuts
    D:10: 1694 daAuts
  Lair:5: 1548 daAuts
     D:9: 1545 daAuts
  Lair:3: 1505 daAuts
     D:3: 1501 daAuts
     D:7: 1481 daAuts
     D:6: 1286 daAuts
     D:5: 1284 daAuts
  Lair:2: 1203 daAuts
  Lair:6: 1158 daAuts
